 Dungeon Crawl Stone Soup version 0.29.0-13-gc9e81de378 (webtiles) character file.

Game seed: 11190128360461487652

29 Artool the Ducker (level 3, 28/28 HPs)
             Began as a Demonspawn Gladiator on Sept 7, 2022.
             Quit the game on level 3 of the Dungeon.
             The game lasted 00:01:48 (1463 turns).

Artool the Ducker (Demonspawn Gladiator)            Turns: 1463, Time: 00:01:49

Health: 28/28      AC:  4    Str: 16    XL:     3   Next: 1%
Magic:  3/3        EV: 12    Int:  9    God:
Gold:   76         SH:  0    Dex: 14    Spells: 2/2 levels left

rFire   . . .      SeeInvis .   a - +0 flail
rCold   . . .      Faith    .   (no shield)
rNeg    . . .      Spirit   .   b - +0 leather armour
rPois   .          Reflect  .   c - +0 helmet
rElec   .          Harm     .   (no cloak)
rCorr   +          Rampage  .   (no gloves)
Will    .....                   (no boots)
Stlth   +.........              (no amulet)
HPRegen 0.09/turn               m - ring of resist corrosion
MPRegen 0.08/turn               (no ring)

@: no status effects
A: claws 1, demonic guardian 1
a: no special abilities


You were on level 3 of the Dungeon.
You visited 1 branch of the dungeon, and saw 4 of its levels.

You collected 76 gold pieces.

Inventory:

Hand Weapons
 a - a +0 flail (weapon)
Missiles
 d - 3 throwing nets (quivered)
 e - a javelin
Armour
 b - a +0 leather armour (worn)
 c - a +0 helmet (worn)
Jewellery
 m - a ring of resist corrosion (left claw)
Scrolls
 f - a scroll of torment {unknown}
 g - a scroll of enchant armour {unknown}
 i - 2 scrolls of identify {unknown}
 j - a scroll of butterflies {unknown}
 l - a scroll of amnesia {unknown}
Potions
 h - a potion of invisibility {unknown}
 k - a potion of attraction {unknown}


   Skills:
 + Level 2.4 Fighting
 + Level 3.0 Maces & Flails
 - Level 2.0 Throwing
 + Level 1.0 Armour
 + Level 3.0 Dodging


You had 2 spell levels left.
You didn't know any spells.
Your spell library was empty.

Dungeon Overview and Level Annotations

Branches:
Dungeon (4/15)
 Temple: D:4-7

Altars:

Shops:
D:3 !


Innate Abilities, Weirdness & Mutations

You have sharp fingernails.
A weak demonic guardian rushes to your aid.


Message History

Your Maces & Flails skill increases to level 3!
No target in view!
m - a ring of resist corrosion (left hand)
You now have 64 gold pieces (gained 16).
A rat comes into view.
The rat closely misses you.
You closely miss the rat. The rat bites you but does no damage.
You sock the rat!
You kill the rat!
No target in view!
You now have 76 gold pieces (gained 12).
Found a stone staircase leading down.
No target in view!
No target in view!
A sourceless malevolence fills the Dungeon...
You fall into a shaft and drop 2 floors!
The shaft crumbles and collapses.
Found an escape hatch in the floor.
Found an escape hatch in the ceiling.
Found a dagger.
There is an escape hatch in the ceiling here.
A mysterious force pulls you upwards. The hatch slams shut behind you.
Found a stone staircase leading down.
Found a chain mail.
Found Oxoxyac's Distillery.
A goblin comes into view. It is wielding a +0 antimagic dagger.
You see here a +0 chain mail.
The goblin shouts!
You hit the goblin.
You kill the goblin!
Your Armour skill increases to level 1!
You have reached level 3!
Your experience leads to an increase in your attributes!
Increase (S)trength, (I)ntelligence, or (D)exterity?
You feel stronger. x2; Your demonic ancestry asserts itself...
Your fingernails lengthen.
Unknown command.
Things that are here:
a +0 antimagic dagger; a goblin corpse Are you sure you want to abandon this character and quit the game? (Confirm with "yes".)

#...# .# #.###
###.##### #.# ####
###.......# #.# #..
.........# #.#
#.#####....∩...#
#.###.#..[.........##
#.......###..........
#####.### #........#
#.# #..@.....#
#.......##.#####
######### .# .# .# ..
.# ..


There were no monsters in sight!

Vanquished Creatures
  3 dart slugs
  A bat (D:1)
  An endoplasm (D:1)
  A giant cockroach (D:1)
  4 goblins
  A hobgoblin (D:1)
  3 kobolds (D:1)
  A quokka (D:2)
  2 ball pythons (D:1)
  A frilled lizard (D:1)
  2 rats (D:2)
20 creatures vanquished.

Vanquished Creatures (collateral kills)
  An endoplasm (D:1)
1 creature vanquished.

Grand Total: 21 creatures vanquished

Notes
Turn   | Place    | Note
-------+----------+-------------------------------------------
     0 | D:1      | Artool the Demonspawn Gladiator began the quest for the
                  | Orb.
     0 | D:1      | Reached XP level 1. HP: 16/16 MP: 1/1
   478 | D:1      | Gained mutation: A weak demonic guardian rushes to your
                  | aid. [demonic ancestry]
   478 | D:1      | Reached XP level 2. HP: 5/22 MP: 2/2
  1429 | D:2      | You fall into a shaft and drop 2 floors!
  1455 | D:3      | Found Oxoxyac's Distillery.
  1462 | D:3      | Reached skill level 1 in Armour
  1462 | D:3      | Gained mutation: You have sharp fingernails. [demonic
                  | ancestry]
  1462 | D:3      | Reached XP level 3. HP: 28/28 MP: 3/3
  1463 | D:3      | Quit the game

Illustrated notes

Levels and vault maps discovered:
D:1:      nzn_arrival_depleted_hourglass, layout_loops_ring
D:2:      layout_rooms, serial_co_window_serial, co_window_paths_b,
          co_window_of_opportunity_a, co_window_paths_a, co_window_paths_a,
          co_window_paths_a, co_window_paths_c, co_window_corner_b,
          co_window_broadway_b, co_window_corner_cb, co_window_broadway_c,
          co_window_unsneaky_path_b, co_window_4corner_a, co_window_4corner_b,
          glass_columns_a, glass_columns_b, glass_columns_b, minmay_tall_x
D:3:      layout_loops_corners, xom_confusion_cloud,
          nicolae_overflow_hidden_temple, shapermc_ecumenical_altar_venn,
          serial_shops, shop, chequers_serial_rivers_micro_a, hex_medium,
          uniq_sigmund
D:4:      layout_cave_pools

Skill      XL: |  1  2 |
---------------+-------+-----
Throwing       | 2 |  2.0
Dodging        | 3 |  3.0
Maces & Flails | 3 |  3.0
Armour         | 1 |  1.0
Fighting       | |  2.4

Action                   || total
-------------------------++-------
Melee: Flail             ||    63
       Punch             ||     1
 Stab: Sleeping          ||     1
Armor: Leather armour    ||    16
Dodge: Dodged            ||    37
